 Dungeon Crawl Stone Soup version 0.32-a0-876-gcfddb08e57 (webtiles) character file.

Game seed: 11005912011190672857

28258 lunkers the Cleaver (level 13, 0/166 HPs)
             Began as a Coglin Berserker on Mar 28, 2024.
             Was a High Priest of Trog.
             Succumbed to a black mamba's poison
             ... on level 3 of the Lair of Beasts on Apr 1, 2024.
             The game lasted 00:21:26 (14428 turns).

lunkers the Cleaver (Coglin Berserker)             Turns: 14428, Time: 00:21:26

Health: 0/166      AC: 13    Str: 22    XL:     13   Next: 37%
Magic:  13/13      EV: 16    Int:  7    God:    Trog [*****.]
Gold:   890        SH:  0    Dex: 18    Spells: 12/12 levels left

rFire   . . .        i - +0 broad axe {Lucia}
rCold   . . .        B - +5 war axe {Raúl}
rNeg    . . .        y - +0 acid dragon scales
rPois   .            j - +2 hat
rElec   .            (no cloak)
rCorr   +            b - +1 pair of gloves "Juufyal" {Will+ Dex+4}
SInv    .            m - +0 pair of boots
Will    +....        (amulet unavailable) Stlth
                     (ring unavailable)
HPRegen 0.47/turn    (ring unavailable)
MPRegen 0.13/turn    (no gizmo)

%: no passive effects
@: berserking, lethally poisoned (0 -> -7), revving, very quick
A: off-hand wielding, slow wielding, warmup strikes, no jewellery
a: Invent Gizmo, Renounce Religion, Berserk, Trog's Hand, Brothers in Arms


You were on level 3 of the Lair of Beasts.
You worshipped Trog.
Trog was extremely pleased with you.
You visited 2 branches of the dungeon, and saw 14 of its levels.

You collected 890 gold pieces.

Inventory:

Hand Weapons
 a - a +1 hand axe {Yvonne}
 f - a +2 dagger of venom {Rabi}
 i - a +0 broad axe (weapon) {Lucia}
 p - a +0 hand axe {Kanehira}
 B - a +5 war axe (offhand) {Raúl}
Missiles
 r - a throwing net
Armour
 b - the +1 pair of gloves "Juufyal" (worn) {Will+ Dex+4}
   (You acquired it on level 4 of the Dungeon)

   Dex+4:     It affects your dexterity (+4).
   Will+:     It increases your willpower.
 j - a +2 hat (worn)
 m - a +0 pair of boots (worn)
 y - +0 acid dragon scales (worn)
Wands
 o - a wand of flame (9)
 D - a wand of polymorph (8)
Scrolls
 d - 2 scrolls of enchant armour
 n - 5 scrolls of teleportation
 t - a scroll of revelation
 v - a scroll of enchant weapon
 w - a scroll of fog
 C - 4 scrolls of blinking
 E - a scroll of immolation
 F - 2 scrolls of noise
 G - a scroll of summoning {unknown}
Potions
 c - 2 potions of curing
 e - 8 potions of heal wounds
 g - a potion of berserk rage
 h - 4 potions of lignification
 k - a potion of invisibility
 l - 4 potions of enlightenment
 s - a potion of cancellation
 u - a potion of mutation
 x - a potion of haste
 z - a potion of attraction {unknown}
 A - a potion of brilliance {unknown}


   Skills:
 + Level 13.0 Fighting
 - Level 14.0 Axes
 + Level 6.2 Armour
 + Level 10.1 Dodging
 + Level 1.9 Evocations


You had 12 spell levels left.
You didn't know any spells.
Your spell library was empty.

Dungeon Overview and Level Annotations

Branches:
Dungeon (10/15)            Temple (0/1) D:4            Lair (4/5) D:10
 Shoals (0/4) Lair:3       Spider (0/4) Lair:2
  Slime: Lair:4-5       Orc: D:9-12

Altars:
Ashenzari
Dithmenos
Fedhas
Gozag
Kikubaaqudgha
Makhleb
Nemelex Xobeh
Sif Muna
Vehumet
Wu Jian
Xom
Yredelemnul
The Shining One

Shops:
D:6 [

Annotations:
D:3 1 runed translucent door, Crazy Yiuf


Innate Abilities, Weirdness & Mutations

You can wield a second weapon in your off-hand.
It takes a long time for you to wield or remove held weapons.
Your first few attacks do less damage.
You cannot equip rings or amulets.


Message History

You slash the harpy with your +5 war axe!
The harpy is almost dead.
You slash the black mamba with your +5 war axe!
You slice the harpy with your +0 broad axe!!
You kill the harpy!
Trog accepts your kill.
You closely miss the black mamba with your +0 broad axe.
You feel very sick. The black mamba closely misses you.
Your Evocations skill increases to level 1!
You slash the harpy with your +5 war axe!
The harpy is moderately wounded.
You slash the black mamba with your +5 war axe!
You slash the harpy with your +0 broad axe!
You closely miss the black mamba with your +0 broad axe.
You feel sick. The harpy claws you but does no damage. The harpy misses you.
The black mamba misses you.
Unknown command.
You closely miss the harpy with your +0 broad axe.
The harpy is severely wounded.
You slash the black mamba with your +0 broad axe!
You kill the black mamba!
Trog accepts your kill.
You barely miss the harpy with your +5 war axe.
You feel sick. The harpy claws you.
* * * LOW HITPOINT WARNING * * *
The harpy barely misses you.
You feel very sick.
A yak comes into view. x2
You see here a harpy corpse.
The yak bellows! x2
You slash the harpy with your +0 broad axe!
You kill the harpy!
Trog accepts your kill.
You slash the cane toad with your +0 broad axe!
You slash the cane toad with your +5 war axe!
You feel sick. The cane toad stings you!
* * * LOW HITPOINT WARNING * * *
Unknown command.
You die...

## ### #.##.###
########.....##
.##...#P......####
.................#
.#####........#.##
.# ###......#..##
.# #.......#.@†#
.## #......###F†#
..# #.......##..†+
.##
##.....###..#Y.
..#
#......##....~..
.##
#.....####..Y~~~~~
..# #...#.#
.##~~#.#~ ..#
###...## # ~~.>.~
.## #...#.# .Y#.#Y


You could see 2 yaks and a cane toad.

Vanquished Creatures
  Snorg (Lair:3)
  Josephine (D:10)
  A centaur warrior (D:10)
  A deep elf pyromancer (D:10)
  3 harpies (Lair:3)
  A necromancer (Lair:2)
  5 elephants (Lair:2)
  7 black mambas
  5 cane toads
  6 komodo dragons
  3 trolls
  2 hornets (D:8)
  Grinder (D:4)
  18 blink frogs
  A shadow (D:9)
  4 wraiths (D:10)
  2 basilisks
  4 wyverns
  19 yaks
  4 steam dragons
  Eustachio (D:6)
  Edmund (D:6)
  2 acid dragons (D:10)
  8 water moccasins
  A sky beast (D:7)
  4 orc warriors
  2 ogres
  9 wolves (Lair:1)
  3 black bears (D:6)
  3 centaurs (D:9)
  3 kobold brigands
  2 weeping skulls (D:5)
  2 phantoms (D:5)
  10 bullfrogs
  A gnoll sergeant (D:6)
  4 scorpions
  A water moccasin zombie (D:5)
  12 wights
  9 killer bees (D:6)
  6 howler monkeys
  An electric eel (Lair:2)
  5 bombardier beetles
  A bullfrog zombie (D:5)
  3 jellies
  A quasit (D:7)
  A human zombie (D:5)
  2 gnoll boudas
  7 hounds
  A sleepcap (D:7)
  6 iguanas
  3 polar bear simulacra (Lair:2)
  4 yak simulacra (Lair:2)
  10 orc wizards
  7 hell rats (Lair:1)
  2 wolf simulacra (Lair:2)
  A hound zombie (D:5)
  3 mummies (D:5)
  A howler monkey zombie (D:5)
  19 gnolls
  7 adders
  3 shadow imps
  6 white imps
  4 ufetubi
  2 ribbon worms (D:4)
  29 orcs
  6 ball pythons
  4 endoplasms
  4 giant cockroaches
  6 goblins
  6 hobgoblins
  A jackal (D:3)
  6 quokkas
  7 bats
  5 frilled lizards
  22 kobolds
  7 rats
  2 river rat simulacra (Lair:2)
378 creatures vanquished.

Vanquished Creatures (others)
  An orc (D:5)
1 creature vanquished.

Grand Total: 379 creatures vanquished

Notes
Turn   | Place    | Note
-------+----------+-------------------------------------------
     0 | D:1      | lunkers the Coglin Berserker began the quest for the Orb.
     0 | D:1      | Reached XP level 1. HP: 18/18 MP: 1/1
   375 | D:1      | Reached XP level 2. HP: 23/24 MP: 2/2
   925 | D:1      | Reached skill level 4 in Axes
  1063 | D:2      | Reached XP level 3. HP: 29/29 MP: 3/3
  1144 | D:2      | Reached ** piety under Trog
  1439 | D:2      | Reached XP level 4. HP: 35/35 MP: 4/4
  1734 | D:3      | Reached skill level 5 in Axes
  1756 | D:3      | Found a faded altar of an unknown god.
  1854 | D:3      | Found a burning altar of Makhleb.
  1854 | D:3      | Noticed a balrug
  1857 | D:3      | Noticed a hellwing
  1857 | D:3      | Noticed a smoke demon
  1916 | D:3      | Found a runed translucent door.
  1917 | D:3      | Noticed Crazy Yiuf
  1959 | D:3      | Noticed a scorpion
  1965 | D:3      | Killed a scorpion
  1966 | D:3      | Reached XP level 5. HP: 33/41 MP: 5/5
  2143 | D:3      | Found a broken altar of Ashenzari.
  2185 | D:3      | You fall into a shaft and drop 3 floors!
  2194 | D:6      | Noticed a kobold brigand
  2211 | D:6      | Killed a kobold brigand
  2212 | D:6      | Reached skill level 6 in Axes
  2218 | D:6      | Reached XP level 6. HP: 28/47 MP: 6/6
  2267 | D:6      | Reached skill level 7 in Axes
  2409 | D:5      | Entered Level 5 of the Dungeon
  2630 | D:4      | Reached skill level 8 in Axes
  2630 | D:4      | Reached XP level 7. HP: 52/52 MP: 7/7
  2736 | D:4      | Found a staircase to the Ecumenical Temple.
  2809 | D:4      | Noticed Grinder
  2818 | D:4      | Killed Grinder
  2855 | D:4      | Reached skill level 9 in Axes
  3516 | D:3      | Reached *** piety under Trog
  3714 | D:3      | Reached XP level 8. HP: 35/58 MP: 8/8
  3892 | D:4      | Identified a scroll of acquirement
  3892 | D:4      | Acquired the +1 pair of gloves "Juufyal" {Will+ Dex+4}
  4304 | D:5      | Reached skill level 10 in Axes
  4571 | D:5      | Found a radiant altar of Vehumet.
  4575 | D:5      | Found an ancient bone altar of Kikubaaqudgha.
  4576 | D:5      | Found a shimmering blue altar of Sif Muna.
  4642 | D:5      | Found a basalt altar of Yredelemnul.
  4649 | D:5      | Reached skill level 11 in Axes
  4685 | D:5      | Reached XP level 9. HP: 42/63 MP: 9/9
  4792 | D:5      | Found a sparkling altar of Nemelex Xobeh.
  4873 | D:6      | Reached skill level 12 in Axes
  5125 | D:6      | Reached **** piety under Trog
  5260 | D:6      | Found Utzeschu's Antique Armour Shoppe.
  5274 | D:6      | Noticed Edmund
  5281 | D:6      | Killed Edmund
  5750 | D:6      | Noticed Eustachio
  5758 | D:6      | Killed Eustachio
  5759 | D:6      | Reached skill level 13 in Axes
  6123 | D:6      | Upgraded the game from 0.32-a0-868-g153ae1a8d6 to
                  | 0.32-a0-876-gcfddb08e57
  6190 | D:6      | Reached XP level 10. HP: 70/70 MP: 10/10
  6192 | D:6      | Reached skill level 14 in Axes
  6588 | D:7      | Reached skill level 5 in Fighting
  7292 | D:7      | Found a blossoming altar of Fedhas.
  7330 | D:7      | Found a glowing golden altar of the Shining One.
  8069 | D:8      | Found a shimmering altar of Xom.
  8072 | D:8      | Found an ornate altar of the Wu Jian Council.
  8630 | D:8      | Found an opulent altar of Gozag.
  8653 | D:8      | Paralysed by a hornet for 3 turns
  9260 | D:9      | Found a shadowy altar of Dithmenos.
  9554 | D:9      | Reached XP level 11. HP: 75/86 MP: 11/11
  9613 | D:9      | Reached ***** piety under Trog
 10007 | D:10     | Entered Level 10 of the Dungeon
 10063 | D:10     | Noticed a centaur warrior
 10073 | D:10     | Killed a centaur warrior
 10259 | D:10     | Found a staircase to the Lair.
 10550 | D:10     | Reached skill level 5 in Armour
 10550 | D:10     | Reached skill level 5 in Dodging
 10576 | D:10     | Noticed Josephine
 10584 | D:10     | Killed Josephine
 10972 | D:10     | Noticed a deep elf pyromancer
 10982 | D:10     | Killed a deep elf pyromancer
 11392 | Lair:1   | Entered Level 1 of the Lair of Beasts
 11561 | Lair:1   | Reached XP level 12. HP: 92/97 MP: 12/12
 11565 | Lair:1   | Reached skill level 10 in Fighting
 13275 | Lair:2   | Found a hole to the Spider Nest.
 13617 | Lair:3   | You fall into a shaft and drop 1 floor!
 13729 | Lair:4   | Reached XP level 13. HP: 108/108 MP: 13/13
 14151 | Lair:3   | Reached skill level 10 in Dodging
 14354 | Lair:3   | Noticed Snorg
 14363 | Lair:3   | Killed Snorg
 14419 | Lair:3   | Found a staircase to the Shoals.
 14424 | Lair:3   | Reached skill level 1 in Evocations
 14427 | Lair:3   | HP: 2/166 [cane toad (10)]
 14428 | Lair:3   | Succumbed to a black mamba's poison

Illustrated notes

Levels and vault maps discovered:
D:1:      heliophobic_arrival_henge, layout_basic, minmay_misc_feat_cross
D:2:      layout_loops_ring
D:3:      layout_basic, mainiacjoe_overflow_six_doors_small,
          makhleb_altar_promises_db, nicolae_qazlal_beasts_of_the_sky,
          shapermc_ecumenical_altar_gd, minmay_statues_item,
          minmay_divided_ellipse, uniq_crazy_yiuf_cottage
D:4:      layout_loops_corners, minmay_temple_entry_hall, uniq_grinder
D:5:      layout_cave_pools, grunt_temple_overflow_magic_moments,
          lemuel_mausoleum_altar_yredelemnul, old_standard_altar
D:6:      minmay_bubble_buster, layout_loops_ring, serial_glass,
          glass_columns_a, glass_columns_a, due_unseen_surprise,
          feat_on_display, feat_on_display, item_on_display_a, serial_shops,
          nicolae_stop_n_shop_1, dreamdust_gnoll_farm, uniq_edmund,
          uniq_eustachio
D:7:      layout_basic, jmf_multi_god_temple2, serial_demonic, serial_demonic_e,
          serial_demonic_e, serial_demonic_a, serial_demonic_b,
          serial_demonic_a, chequers_serial_rivers_micro_a
D:8:      layout_basic, kennysheep_mini_moat, grunt_temple_overflow_open
D:9:      layout_basic, grunt_dithmenos_smoke, chequers_serial_rivers_micro_d
D:10:     layout_roguey, erik_lair_dragon, billiards_dpeg, uniq_josephine
Lair:1:   layout_big_grid, nicolae_quartered_pool_little
Lair:2:   layout_cellular_growth, dummy_spider_entry, eino_house_with_fridge,
          serial_bayou_shore_a
Lair:3:   layout_roguey, nicolae_shoals_entry_roost, minmay_lindwurm_lava,
          uniq_snorg
Lair:4:   layout_cave_pods, grunt_megastairs_1

Skill      XL: |  1  2  3  4  5  6  7  8  9 10 11 12 13 |
---------------+----------------------------------------+-----
Axes           | 4 5 6 8 9 11 13 14 | 14.0
Fighting       | 7 9 12 13 | 13.0
Dodging        | 3 6 9 10 | 10.1
Armour         | 3 6 |  6.2
Evocations     | 1 |  1.9

Action                     |  1- 3 |  4- 6 |  7- 9 | 10-12 | 13-15 || total
---------------------------+-------+-------+-------+-------+-------++-------
  Melee: Dagger            |    45 |    87 |    46 |       |       ||   178
         Hand axe          |    48 |    85 |   519 |   454 |       ||  1106
         War axe           |       |       |       |   323 |    52 ||   375
         Broad axe         |       |       |       |   125 |    54 ||   179
 Invoke: Berserk           |       |     1 |     7 |    11 |     2 ||    21
  Evoke: Wand              |       |       |       |     2 |     3 ||     5
    Use: Scroll            |     2 |       |     8 |    11 |     1 ||    22
   Stab: Sleeping          |     1 |       |       |     2 |       ||     3
         Distracted        |       |       |       |     1 |       ||     1
 Armour: Animal skin       |    23 |       |       |       |       ||    23
         Ring mail         |    11 |    51 |   184 |     2 |       ||   248
         Steam dragon scal |       |       |       |   166 |       ||   166
         Acid dragon scale |       |       |       |   136 |    69 ||   205
  Dodge: Dodged            |    17 |    49 |   114 |   284 |    67 ||   531

Table legend: (Time is in decaauts)
 A = Elapsed time spent in this place.
 B = Non-inter-level travel time spent in this place.
 C = Inter-level travel time spent in this place.
 D = Time resting spent in this place.
 E = Time spent auto-exploring this place.
 F = Levels seen in this place.
 G = Mean time per level.
                   A        B        C        D        E       F      G
               +--------+--------+--------+--------+--------+-----+--------+
         Total |  14431 |  13967 |    464 |    386 |  11478 |  14 | 1030.8 |
       Dungeon |  11379 |  10957 |    422 |    386 |   8946 |  10 | 1137.9 |
          Lair |   3052 |   3010 |     42 |      0 |   2532 |   4 |  763.0 |
               +--------+--------+--------+--------+--------+-----+--------+

Top non-repeatable levels by time:
     D:6: 1739 daAuts
     D:8: 1503 daAuts
  Lair:2: 1436 daAuts
    D:10: 1400 daAuts
     D:7: 1134 daAuts
     D:4: 1048 daAuts
     D:5: 1008 daAuts
     D:1: 999 daAuts
     D:9: 960 daAuts
     D:3: 888 daAuts
  Lair:1: 793 daAuts
     D:2: 698 daAuts
  Lair:3: 490 daAuts
  Lair:4: 331 daAuts
